 Dungeon Crawl Stone Soup version 0.30-a0-862-g1aabd4f9c5 (webtiles) character file.

Game seed: 8717233582610651211

1119 IdlyInterested the Slasher (level 8, 0/53 (60) HPs)
             Began as a Demonspawn Fighter on Mar 8, 2023.
             Slain by a hell rat (1 damage)
             ... on level 5 of the Dungeon.
             The game lasted 00:16:17 (4945 turns).

IdlyInterested the Slasher (Demonspawn Fighter)     Turns: 4945, Time: 00:16:18

HP:   0/53 (60)     AC: 16    Str: 18    XL:     8   Next: 12%
MP:   8/8           EV: 12    Int:  9    God:
Gold: 193           SH:  4    Dex: 14    Spells: 7/7 levels left

rFire   . . .      SeeInvis .    r - +8 eveningstar "Tiddaun" {protect, rPois}
rCold   . . .      Faith    .    c - +0 buckler
rNeg    . . .      Spirit   .    p - +2 robe {Will+}
rPois   +          Reflect  .    (no helmet)
rElec   .          Rampage  .    x - +0 cloak
rCorr   .                        j - +0 pair of gloves
Will    +....                    (no boots)
Stlth   ++                       q - amulet of magic regeneration
HPRegen 0.28/turn                (no ring)
MPRegen 0.51/turn                (no ring)

@: under a protective aura, heavily drained
A: molten scales 2, powered by death 1, demonic magic 1
a: no special abilities


You were on level 5 of the Dungeon.
You visited 1 branch of the dungeon, and saw 5 of its levels.

You collected 193 gold pieces.

Inventory:

Hand Weapons
 a - a +0 long sword
 r - the +8 eveningstar "Tiddaun" (weapon) {protect, rPois}
   (You acquired it on level 5 of the Dungeon)

   rPois:     It protects you from poison.
 v - the +6 glaive "Waecus" {flame, *Corrode rElec rPois Dex+6}
   (You took it off a gnoll on level 5 of the Dungeon)

   Dex:       It affects your dexterity (+6).
   rElec:     It insulates you from electricity.
   rPois:     It protects you from poison.
   *Corrode:  It may corrode you when you take damage.
Missiles
 e - 7 boomerangs
 f - 64 stones
 g - a throwing net
Armour
 c - a +0 buckler (worn)
 j - a +0 pair of gloves (worn)
 p - a +2 robe of willpower (worn)
 t - a +0 plate armour
 x - a +0 cloak (worn)
Jewellery
 q - an amulet of magic regeneration (around neck)
 w - a ring of wizardry
Wands
 k - a wand of flame (13)
 s - a wand of charming (8)
Potions
 b - a potion of attraction
 d - 2 potions of might
 h - a potion of cancellation
 i - a potion of resistance
 l - a potion of haste
 m - a potion of heal wounds
 n - 2 potions of curing
 o - 2 potions of lignification
 u - a potion of brilliance
Miscellaneous
 y - a piece from Xom's chessboard (15/15) (quivered)


   Skills:
 - Level 4.0 Fighting
 - Level 5.9 Long Blades
 * Level 4.3 Maces & Flails
 - Level 1.0 Throwing
 - Level 3.0 Armour
 - Level 3.0 Dodging
 - Level 1.0 Stealth
 - Level 2.6 Shields
 - Level 1.0 Evocations


You had 7 spell levels left.
You didn't know any spells.
Your spell library was empty.

Dungeon Overview and Level Annotations

Branches:
Dungeon (5/15)             Temple (0/1) D:5

Altars:
Ashenzari
Vehumet
Xom

Shops:
D:2 [


Innate Abilities, Weirdness & Mutations

You are mostly covered in molten scales. (AC +3)
You regenerate a little health from kills.
Spells you cast may paralyse adjacent enemies.


Message History

The river rat bites you but does no damage.
The river rat closely misses you.
You hit the river rat.
You kill the river rat!
A hell rat comes into view.
You puncture the river rat!
The river rat is almost dead.
You block the river rat's attack.
You impale the river rat!!
You kill the river rat!
The hell rat barely misses you.
You closely miss the hell rat. The hell rat barely misses you.
You block the hell rat's attack.
You barely miss the hell rat. The hell rat bites you!
You feel drained.
You hit the hell rat.
The hell rat is moderately wounded.
The hell rat bites you but does no damage.
The hell rat bites you.
You puncture the hell rat!
The hell rat is almost dead.
The hell rat barely misses you.
You hit the hell rat but do no damage.
The hell rat is almost dead.
You block the hell rat's attack.
The hell rat bites you but does no damage.
You closely miss the hell rat.
The hell rat is almost dead.
The hell rat bites you!
* * * LOW HITPOINT WARNING * * *
The hell rat bites you but does no damage.
You closely miss the hell rat.
The hell rat is almost dead.
The hell rat bites you.
* * * LOW HITPOINT WARNING * * *
You hit the hell rat.
The hell rat is almost dead.
The hell rat bites you!
* * * LOW HITPOINT WARNING * * *
You feel drained.
You die...

....#...#...#.#.# #.......#
##..#...#..##.#.# ##.###...
#..#####..##.#.# ######.#...#.
#...._....##.#.#####>..##...#...
##.......###.###.#.###.#..#...8.
####### #.####.#.##<#....#..)
#..##.##.##.#......#.
####.####.####.###... ##@#
##.###.###..# #r## ##.#........
##### #r## #.####.###. .....
#r.# ##.#...# #. ####. #..#
#.###..###. #..# ##.#.......
#.#.r #.##..#### .# #..#...
##.##..###. .# ##.
r..##.###..##.#


You could see 2 hell rats and a river rat.

Vanquished Creatures
  Sigmund (D:2)
  A scorpion (D:4)
  4 hounds
  A jelly (D:5)
  3 orc priests
  3 iguanas (D:5)
  Ijyb (D:3)
  Natasha (twice) (D:3)
  7 orc wizards
  5 hell rats (D:5)
  An adder (D:3)
  A gnoll (D:5)
  7 river rats (D:5)
  An ufetubus (D:4)
  2 dart slugs
  7 orcs
  10 endoplasms
  2 giant cockroaches
  5 goblins
  9 hobgoblins
  4 jackals (D:3)
  3 quokkas
  12 ball pythons
  5 bats
  6 frilled lizards
  9 kobolds
  7 rats
119 creatures vanquished.

Vanquished Creatures (collateral kills)
  2 gnolls (D:5)
2 creatures vanquished.

Vanquished Creatures (others)
  An angel (D:5)
  An orc wizard (D:5)
2 creatures vanquished.

Grand Total: 123 creatures vanquished

Notes
Turn   | Place    | Note
-------+----------+-------------------------------------------
     0 | D:1      | IdlyInterested the Demonspawn Fighter began the quest for
                  | the Orb.
     0 | D:1      | Reached XP level 1. HP: 18/18 MP: 1/1
   123 | D:1      | Reached skill level 2 in Long Blades
   220 | D:1      | Gained mutation: You are partially covered in molten
                  | scales. (AC +2) [demonic ancestry]
   220 | D:1      | Reached XP level 2. HP: 22/24 MP: 2/2
   526 | D:1      | Reached XP level 3. HP: 28/29 MP: 3/3
   909 | D:2      | Found Uhephuz's Armour Shop.
  1246 | D:2      | Reached skill level 3 in Long Blades
  1581 | D:2      | Noticed Sigmund
  1605 | D:2      | Killed Sigmund
  1606 | D:2      | Reached skill level 4 in Long Blades
  1606 | D:2      | Gained mutation: You are mostly covered in molten scales.
                  | (AC +3) [demonic ancestry]
  1606 | D:2      | Reached XP level 4. HP: 27/35 MP: 4/4
  1606 | D:2      | Gained mutation: You regenerate a little health from kills.
                  | [demonic ancestry]
  1606 | D:2      | Reached XP level 5. HP: 32/41 MP: 5/5
  2120 | D:3      | Noticed Ijyb
  2141 | D:3      | Killed Ijyb
  2286 | D:3      | Found a faded altar of an unknown god.
  2467 | D:3      | Noticed Natasha
  2476 | D:3      | Killed Natasha
  2477 | D:3      | Reached XP level 6. HP: 29/47 MP: 6/6
  2649 | D:3      | Noticed Natasha
  2660 | D:3      | Killed Natasha
  2661 | D:3      | Reached skill level 5 in Long Blades
  3018 | D:4      | Reached skill level 1 in Stealth
  3148 | D:4      | Found a radiant altar of Vehumet.
  3182 | D:4      | Reached XP level 7. HP: 52/52 MP: 7/7
  3257 | D:4      | Found a broken altar of Ashenzari.
  3526 | D:4      | Reached skill level 1 in Evocations
  3766 | D:5      | Entered Level 5 of the Dungeon
  3881 | D:5      | Identified a scroll of acquirement
  3881 | D:5      | Acquired the +8 eveningstar "Tiddaun" {protect, rPois}
  3939 | D:5      | Found a staircase to the Ecumenical Temple.
  3939 | D:5      | Identified the +6 glaive "Waecus" {flame, *Corrode rElec
                  | rPois Dex+6}
  3961 | D:5      | Reached skill level 1 in Maces & Flails
  4142 | D:5      | Reached skill level 1 in Throwing
  4456 | D:5      | Found a shimmering altar of Xom.
  4456 | D:5      | Noticed an angel
  4821 | D:5      | Killed an angel
  4913 | D:5      | Gained mutation: Spells you cast may paralyse adjacent
                  | enemies. [demonic ancestry]
  4913 | D:5      | Reached XP level 8. HP: 37/60 MP: 8/8
  4945 | D:5      | HP: 1/55 [hell rat (9)]
  4945 | D:5      | Slain by a hell rat

Illustrated notes

Levels and vault maps discovered:
D:1:      dpeg_arrival_water_fire, layout_loops_ring, minmay_misc_feat_tiny,
          minmay_split_cup_small
D:2:      layout_loops_ring, serial_shops, nicolae_shop_hallway_stairs,
          moated_statue, hangedman_abyss_or_decor_stabs, uniq_sigmund
D:3:      layout_loops_ring, hellmonk_ecumenical_altar_pennies_from_heaven,
          st_stairs_7, uniq_natasha, uniq_ijyb
D:4:      layout_loops_ring, ashenzari_altar_1, vehumet_altar_wand_db,
          chequers_serial_rivers_marsh
D:5:      wander_guarded_unrand_ratskin, layout_loops_ring,
          grunt_temple_overflow_order_and_chaos_1,
          minmay_temple_entry_sparse_star, hellmonk_bongcloud_opening

Skill      XL: |  1  2  3  4  5  6  7  8 |
---------------+-------------------------+-----
Long Blades    | 2 4 5 |  5.9
Armour         | 3 |  3.0
Dodging        | 2 3 |  3.0
Stealth        | 1 |  1.0
Evocations     | 1 |  1.0
Maces & Flails | 3 4 |  4.3
Throwing       | 1 |  1.0
Fighting       | 4 |  4.0
Shields        | |  2.6

Action                     |  1- 3 |  4- 6 |  7- 9 || total
---------------------------+-------+-------+-------++-------
  Melee: Long sword        |   127 |   147 |    25 ||   299
         Eveningstar       |       |       |    86 ||    86
  Throw: Stone             |       |     1 |     1 ||     2
  Evoke: Wand              |       |       |     3 ||     3
    Use: Scroll            |     3 |     6 |     2 ||    11
         Potion            |     2 |     3 |       ||     5
   Stab: Sleeping          |       |     1 |     4 ||     5
 Armour: Chain mail        |    86 |    36 |       ||   122
         Robe              |       |    43 |    33 ||    76
  Dodge: Dodged            |    53 |    68 |    52 ||   173
  Block: Buckler           |    41 |    28 |    25 ||    94

Table legend: (Time is in decaauts)
 A = Elapsed time spent in this place.
 B = Non-inter-level travel time spent in this place.
 C = Inter-level travel time spent in this place.
 D = Time resting spent in this place.
 E = Time spent auto-exploring this place.
 F = Levels seen in this place.
 G = Mean time per level.
                   A        B        C        D        E       F      G
               +--------+--------+--------+--------+--------+-----+--------+
         Total |   5084 |   4540 |    544 |    607 |   2594 |   5 | 1016.8 |
       Dungeon |   5084 |   4540 |    544 |    607 |   2594 |   5 | 1016.8 |
               +--------+--------+--------+--------+--------+-----+--------+

Top non-repeatable levels by time:
     D:1: 1173 daAuts
     D:4: 1138 daAuts
     D:5: 1016 daAuts
     D:2: 905 daAuts
     D:3: 852 daAuts
